 Dungeon Crawl Stone Soup version 0.29.1-14-g9c671dbff4 (webtiles) character file.

Game seed: 13551365167001409868

67 McKennaii the Trooper (level 3, -1/31 HPs)
             Began as a Demigod Fighter on Feb 14, 2023.
             Slain by Sigmund
             ... wielding a +0 scythe
              (8 damage)
             ... on level 2 of the Dungeon.
             The game lasted 00:02:22 (1725 turns).

McKennaii the Trooper (Demigod Fighter)             Turns: 1725, Time: 00:02:23

Health: -1/31      AC:  6    Str: 21    XL:     3   Next: 70%
Magic:  5/5        EV:  9    Int: 10    God:
Gold:   80         SH:  4    Dex: 13    Spells: 2/2 levels left

rFire   . . .      SeeInvis .   a - +0 long sword
rCold   . . .      Faith    .   c - +0 buckler
rNeg    . . .      Spirit   .   b - +0 scale mail
rPois   .          Reflect  .   (no helmet)
rElec   .          Harm     .   (no cloak)
rCorr   .          Rampage  .   (no gloves)
Will    .....                   (no boots)
Stlth   ..........              (no amulet)
HPRegen 0.10/turn               (no ring)
MPRegen 0.09/turn               (no ring)

@: no status effects
A: high MP 1, forlorn, divine attributes
a: no special abilities


You were on level 2 of the Dungeon.
You visited 1 branch of the dungeon, and saw 2 of its levels.

You collected 80 gold pieces.

Inventory:

Hand Weapons
 a - a +0 long sword (weapon)
Armour
 b - a +0 scale mail (worn)
 c - a +0 buckler (worn)
Jewellery
 l - a ring of fire
Scrolls
 f - a scroll of silence {unknown}
 g - a scroll of blinking {unknown}
 h - a scroll of identify {unknown}
 j - a scroll of teleportation {unknown}
Potions
 d - a potion of might
 e - 2 potions of lignification {unknown}
 i - 2 potions of curing {unknown}
 k - 2 potions of cancellation {unknown}


   Skills:
 + Level 3.3 Fighting
 + Level 2.5 Long Blades
 + Level 3.2 Armour
 - Level 3.0 Shields


You had 2 spell levels left.
You didn't know any spells.
Your spell library contained the following spells:

 Spells                   Type           Power      Damage    Failure   Level
 Beastly Appendage        Tmut           0%         N/A       80%         1
 Wereblood                Tmut           0%         N/A       90%         2
 Spider Form              Tmut/Pois      0%         N/A       99%         3


Dungeon Overview and Level Annotations

Branches:
Dungeon (2/15)

Annotations:
D:2 Sigmund


Innate Abilities, Weirdness & Mutations

You have an increased reservoir of magic. (+10% MP)
You shall have no god before yourself.
Your divine heritage dramatically boosts your attributes as you level up.


Message History

Sigmund misses you.
You bump into the rock wall.
You bump into the rock wall.
Sigmund hits you with a +0 scythe!
You barely miss Sigmund.
Sigmund is moderately wounded.
Sigmund hits you but does no damage.
You bump into the rock wall.
You feel less confused. Sigmund misses you.
You hit Sigmund.
Sigmund is moderately wounded.
You hit Sigmund.
Sigmund is heavily wounded.
Sigmund hits you with a +0 scythe!
You hit Sigmund.
Sigmund is heavily wounded.
Sigmund gestures at you while chanting.
You are confused.
Sigmund completely misses you.
You barely miss Sigmund.
Sigmund is heavily wounded.
You bump into the rock wall.
Sigmund hits you but does no damage.
You're too confused to move!
Sigmund hits you but does no damage.
You barely miss Sigmund.
Sigmund is heavily wounded.
Sigmund barely misses you.
You bump into the rock wall.
Sigmund gestures wildly while chanting.
Sigmund flickers and vanishes!
Deactivating autopickup; reactivate with Ctrl-A.
You bump into the rock wall.
You feel less confused. Something hits you but does no damage.
Something hits you but does no damage.
You barely miss something. Something hits you.
You slash something! Something hits you!
* * * LOW HITPOINT WARNING * * *
You barely miss something. You miss something. Something hits you!
You die...

######################
........{@............
##############........
#......#....##..
................
................
................
................
................
............#...


There were no monsters in sight!

Vanquished Creatures
  Terence (D:2)
  An adder (D:2)
  7 endoplasms
  3 goblins
  3 hobgoblins
  2 quokkas (D:2)
  A ball python (D:1)
  5 bats
  5 kobolds
  5 rats
33 creatures vanquished.

Notes
Turn   | Place    | Note
-------+----------+-------------------------------------------
     0 | D:1      | McKennaii the Demigod Fighter began the quest for the Orb.
     0 | D:1      | Reached XP level 1. HP: 18/18 MP: 3/3
   416 | D:1      | Reached XP level 2. HP: 17/25 MP: 4/4
  1084 | D:2      | Noticed Terence
  1096 | D:2      | Killed Terence
  1097 | D:2      | Reached XP level 3. HP: 6/31 MP: 5/5
  1694 | D:2      | Noticed Sigmund
  1725 | D:2      | Slain by Sigmund

Illustrated notes

Levels and vault maps discovered:
D:1:      spicycebolla_arrival_transporter_tutorial, layout_rooms,
          shapermc_ecumenical_altar_acropolis, minmay_misc_feat_alley
D:2:      layout_rooms, uniq_natasha, uniq_sigmund, uniq_terence

Skill      XL: |  1  2 |
---------------+-------+-----
Long Blades    | 2 |  2.5
Fighting       | 3 |  3.3
Shields        | 3 |  3.0
Armour         | 3 |  3.2

Action                   || total
-------------------------++-------
Melee: Long sword        ||   116
Armor: Scale mail        ||    62
Dodge: Dodged            ||    57
Block: Buckler           ||    25
